 Dungeon Crawl Stone Soup version 0.19.1 (console) character file.

8220 Jesseh the Fighter (level 11, -1/104 HPs)
             Began as a Minotaur Fighter on Nov 24, 2016.
             Was an Elder of Okawaru.
             Slain by a hill giant
             ... wielding a cursed -2 giant club
              (25 damage)
             ... on level 10 of the Dungeon.
             The game lasted 00:39:09 (10225 turns).

Jesseh the Fighter (Minotaur Fighter)              Turns: 10225, Time: 00:39:10

Health: -1/104     AC: 14    Str: 24    XL:     11   Next: 7%
Magic:  11/13      EV: 13    Int:  0    God:    Okawaru [****..]
Gold:   660        SH: 12    Dex: 21    Spells: 0 memorised, 10 levels left

rFire  + . .     SeeInvis +     I - +1 mace {venom, Fragile Int-5 Dex+8 SInv} (curse)
rCold  . . .     Gourm    .     E - +0 scale mail {rF+}
rNeg   . . .     Faith    .     c - +0 shield
rPois  .         Spirit   .     (helmet restricted)
rElec  .         Reflect  .     N - +0 cloak
rCorr  .         Harm     .     (no gloves)
MR     .....                    e - +1 pair of boots
Stlth  ++........               D - amulet of Neugyom {+Rage Dex+3 SInv}
                                (no ring)
                                R - ring of flight

@: heroism, slowed, lost intelligence, very slow
A: retaliatory headbutt, horns 2
a: Heroism, Renounce Religion, Evoke Berserk Rage, Evoke Flight


You were on level 10 of the Dungeon.
You worshipped Okawaru.
Okawaru was greatly pleased with you.
You were not hungry.

You visited 2 branches of the dungeon, and saw 11 of its levels.

You collected 660 gold pieces.

Inventory:

Hand Weapons
 a - a +0 war axe
 b - a +1 whip of flaming
   (You took it off an orc on level 6 of the Dungeon)
 s - a +5 hand axe of electrocution
   (You took it off an orc on level 9 of the Dungeon)
 z - a +2 shortbow of flaming
   (You took it off a centaur on level 8 of the Dungeon)
 G - a +2 dagger of freezing
   (You took it off an orc wizard on level 8 of the Dungeon)
 I - the cursed +1 mace of Vykoxaci (weapon) {venom, Fragile Int-5 Dex+8 SInv}
   (You took it off a goblin on level 7 of the Dungeon)

   It poisons the flesh of those it strikes.
   It affects your intelligence (-5).
   It affects your dexterity (+8).
   It lets you see invisible.
   It will be destroyed if unequipped.
   It has a curse placed upon it.
 L - the +1 hunting sling of Dintes {flame, rF+ Str+4 Int-3, unknown}
   (You found it on level 7 of the Dungeon)

   It causes projectiles fired from it to burn those they strike, causing extra
   injury to most foes and up to half again as much damage against particularly
   susceptible opponents.
   It affects your strength (+4).
   It affects your intelligence (-3).
   It protects you from fire.
 M - a +3 quarterstaff of chaos
   (You took it off Crazy Yiuf on level 7 of the Dungeon)
 P - a +1 dagger of electrocution
   (You found it on level 8 of the Dungeon)
Armour
 c - a +0 shield (worn)
 e - a +1 pair of boots (worn)
   (You found it on level 1 of the Dungeon)
 E - a +0 scale mail of fire resistance (worn)
   (You found it on level 6 of the Dungeon)
 F - a -2 ring mail
   (You found it on level 7 of the Dungeon)
 N - a +0 cloak (worn)
   (You took it off Crazy Yiuf on level 7 of the Dungeon)
 O - a +0 cloak
   (You found it on level 8 of the Dungeon)
 Q - the +1 robe "Tarof" {rPois rF- Str+2, unknown}
   (You found it on level 8 of the Dungeon)

   It affects your strength (+2).
   It makes you vulnerable to fire.
   It protects you from poison.
Jewellery
 j - an uncursed amulet of the gourmand
   (You found it on level 3 of the Dungeon)
 D - the amulet of Neugyom (around neck) {+Rage Dex+3 SInv}
   (You found it on level 5 of the Dungeon)

   [amulet of rage]

   It affects your dexterity (+3).
   It lets you see invisible.
   It lets you go berserk.
 R - a ring of flight (left hand)
   (You found it on level 9 of the Dungeon)
Wands
 k - a wand of random effects (30/48)
   (You found it on level 4 of the Dungeon)
 r - a wand of flame (35/48)
   (You took it off a crimson imp on level 7 of the Dungeon)
 w - a wand of flame (34/48)
   (You took it off Natasha on level 4 of the Dungeon)
 x - a wand of paralysis (7/24)
   (You found it on level 7 of the Dungeon)
 S - a wand of slowing (9/48)
   (You found it on level 9 of the Dungeon)
Scrolls
 g - a scroll of noise {unknown}
 h - 2 scrolls of remove curse
 l - 4 scrolls of amnesia
 m - a scroll of immolation
 n - 2 scrolls of enchant armour
 p - 3 scrolls of recharging
 t - a scroll of identify
 y - a scroll of acquirement {unknown}
 B - a scroll of fear {unknown}
 H - 2 scrolls of magic mapping
 J - a scroll of teleportation {unknown}
 K - a scroll of random uselessness {unknown}
 U - a scroll of enchant weapon {unknown}
Potions
 d - a potion of might
 i - 3 potions of degeneration
 o - a potion of cancellation
 u - a potion of lignification
 v - a potion of agility
 C - 2 potions of resistance
 T - a potion of cure mutation {unknown}
Comestibles
 f - 7 bread rations
 q - a fruit
 A - 3 meat rations


   Skills:
 + Level 12.3(17.3) Fighting
 + Level 12.2(17.2) Axes
 + Level 10.6(15.6) Armour
 - Level 3.6(8.6) Shields
 - Level 4.0 Invocations


You had 10 spell levels left.
You didn't know any spells.

Dungeon Overview and Level Annotations

Branches:
Dungeon (10/15)            Temple (1/1) D:6            Lair (0/6) D:10
    Orc: D:9-12

Altars:
Ashenzari
Cheibriados
Dithmenos
Elyvilon
Fedhas
Gozag
Hepliaklqana
Kikubaaqudgha
Makhleb
Nemelex Xobeh
Okawaru
Qazlal
Ru
Sif Muna
Trog
Uskayaw
Vehumet
Xom
Yredelemnul
Zin
The Shining One

Shops:
D:9 =


Innate Abilities, Weirdness & Mutations

You reflexively headbutt those who attack you in melee.
You have a pair of horns on your head.


Message History

The howler monkey looks as sick as possible!
You headbutt the howler monkey!
You kill the howler monkey!
Okawaru accepts your kill. The yak gores you but does no damage.
A yak comes into view.
You hit the yak.
The yak is poisoned.
You headbutt the yak. The yak gores you but does no damage.
A yak comes into view.
The yak gores you! The yak closely misses you. You furiously retaliate!
You headbutt the yak, but do no damage.
You see here a hound corpse.
The yak gores you! 2 hell hounds and a shadow imp come into view.
A crimson imp comes into view.
The crimson imp shouts!
There is an open door here.
A hill giant comes into view. It is wielding a giant club.
You block the crimson imp's attack. The crimson imp closely misses you.
The yak gores you.
You sock the yak!
The yak is poisoned.
You headbutt the yak, but do no damage.
The crimson imp hits you but does no damage.
You block the yak's attack.
You barely miss the yak. You headbutt the yak.
The crimson imp hits you but does no damage.
You block the yak's attack. You block the crimson imp's attack.
The yak gores you but does no damage.
You barely miss the yak. You block the crimson imp's attack. The yak gores you.
The crimson imp barely misses you.
You hit the yak but do no damage. You headbutt the yak, but do no damage.
The yak gores you! You block the hill giant's attack.
The crimson imp hits you but does no damage.
The yak barely misses you. You furiously retaliate!
You headbutt the yak. You completely miss the yak.
The hill giant barely misses you. You furiously retaliate!
You headbutt the hill giant.
The crimson imp hits you but does no damage.
The yak barely misses you.
The crimson imp blinks!
You sock the yak!
The yak looks as sick as possible!
You kill the yak!
Okawaru accepts your kill.
The hill giant hits you with a giant club!
The hell hound bites you but does no damage.
The shadow imp shouts, "Slither home, thou obnoxious moon-mazed horn-beast!"
You block the hell hound's attack. You block the hill giant's attack.
The hell hound breathes flames at you.
The blast of flame hits the hell hound.
The hell hound completely resists.
The blast of flame hits you! You resist.
The hell hound bites you but does no damage.
The hill giant barely misses you.
You kill the yak!
Okawaru accepts your kill. You block the hell hound's attack.
You block the hill giant's attack. The hell hound bites you!
The hell hound bites you.
Found a staircase to the Lair.
You block the hell hound's attack. x2
There is a stone staircase leading down here.
You block the hell hound's attack. The hell hound breathes flames at you.
The blast of flame hits you! You resist.
The hell hound bites you but does no damage.
The hell hound bites you but does no damage.
The hell hound closely misses you. The hell hound barely misses you.
You furiously retaliate!
You headbutt the hell hound. The hell hound barely misses you.
You furiously retaliate!
You headbutt the hell hound!
A troll comes into view.
The troll shouts!
The hell hound bites you but does no damage. x2
The hell hound bites you but does no damage.
The hell hound bites you. You block the yak's attack.
The hell hound bites you but does no damage. x2
The hell hound bites you.
* * * LOW HITPOINT WARNING * * *
The hell hound breathes flames at you. The blast of flame hits you!
The hell hound bites you but does no damage.
The troll bites you but does no damage. The troll claws you!
* * * LOW HITPOINT WARNING * * *
You block the troll's attack. The hell hound closely misses you.
You block the hell hound's attack.
You gain the combat prowess of a mighty hero.
You block the hell hound's attack. x2
You feel protected. The hell hound bites you.
* * * LOW HITPOINT WARNING * * *
It was a potion of cancellation.
Your magical effects are unravelling.
You feel magically purged.
Your resistance to elements expires.
The hill giant hits you with a giant club.
* * * LOW HITPOINT WARNING * * *
You are too injured to fight recklessly!
You are too injured to fight recklessly!
You are too injured to fight recklessly!
You hit the hill giant but do no damage.
The hill giant is poisoned.
The hill giant hits you with a giant club!!
You die...

▒......5▒..............
+.......Y5....>........
▒.......▒▒▒▒▒▒▒5..≈≈≈≈.
▒................≈.≈≈≈≈
▒▒▒+▒..............Y.#≈.≈≈≈
.......▒▒▒..........#.≈≈>.≈
.......▒ ▒........▒...≈≈.≈≈
+▒▒....▒ ▒▒▒▒▒▒▒▒▒▒hY.≈#≈≈≈
▒....▒ .......HChT5..≈.≈≈
▒...▒▒ .....▒▒▒▒▒Y.......
▒...▒ ... ▒........ ▒▒▒...▒
. ▒▒▒▒..... ......▒ .....
▒.....▒ ..... ▒.▒▒▒▒▒ ....
▒.▒ ▒.▒


You could see a hill giant, 2 yaks, a troll, 2 hell hounds and a crimson imp.

Vanquished Creatures
  The ghost of AAAAA the Nimble, a novice FeAK of Lugonu (D:8)
  Joseph (D:7)
  Grinder (D:3)
  A hippogriff (D:9)
  8 yaks (D:10)
  2 hungry ghosts
  Edmund (D:4)
  A water moccasin (D:6)
  Duvessa (D:4)
  A black bear (D:10)
  3 orc warriors
  3 phantoms
  A sky beast (D:8)
  3 ice beasts
  10 ogres
  5 centaurs
  2 big kobolds (D:4)
  4 bullfrogs
  A wyvern skeleton (D:8)
  3 scorpions
  Dowan (D:4)
  13 killer bees
  2 howler monkeys
  3 wights (D:7)
  6 crimson imps
  3 jellies
  A quasit (D:7)
  4 bullfrog skeletons
  4 orc priests
  5 hounds
  Crazy Yiuf (D:7)
  5 orc wizards
  4 centaur skeletons
  4 iguanas
  4 worker ants
  Natasha (thrice) (D:4)
  A killer bee zombie (D:7)
  3 hound skeletons
  A worker ant zombie (D:7)
  A howler monkey zombie (D:5)
  Robin (D:4)
  10 gnolls
  A howler monkey skeleton (D:9)
  9 adders
  2 shadow imps
  A white imp (D:7)
  2 oozes
  An adder skeleton (D:5)
  2 worms (D:2)
  3 dart slugs
  7 leopard geckos
  16 orcs
  12 bats
  2 giant cockroaches
  35 goblins
  37 hobgoblins
  14 jackals
  7 kobolds
  4 quokkas
  3 ball pythons
  9 frilled lizards
  2 goblin skeletons (D:7)
  2 goblin zombies (D:7)
  3 hobgoblin zombies (D:7)
  A kobold skeleton (D:7)
  A kobold zombie (D:7)
  A quokka zombie (D:9)
  9 rats
319 creatures vanquished.

Vanquished Creatures (others)
  9 fungi (D:4)
9 creatures vanquished.

Grand Total: 328 creatures vanquished

Notes
Turn   | Place    | Note
-------+----------+-------------------------------------------
     0 | D:1      | Jesseh the Minotaur Fighter began the quest for the Orb.
     0 | D:1      | Reached XP level 1. HP: 19/19 MP: 0/0
     1 | D:1      | Noticed an electric eel
    76 | D:1      | Reached XP level 2. HP: 26/27 MP: 1/1
    98 | D:1      | Reached skill level 3 in Axes
   103 | D:1      | Reached skill level 4 in Fighting
   514 | D:2      | Reached XP level 3. HP: 27/34 MP: 2/2
   657 | D:2      | Found a snail-covered altar of Cheibriados.
  1119 | D:3      | Reached skill level 4 in Axes
  1139 | D:3      | Reached XP level 4. HP: 41/41 MP: 3/3
  1236 | D:3      | Reached skill level 5 in Fighting
  1350 | D:3      | Noticed Grinder
  1361 | D:3      | Paralysed by Grinder for 2 turns
  1362 | D:3      | HP: 1/42 [Grinder/nerve-wracking pain (12)]
  1363 | D:3      | Killed Grinder
  1363 | D:3      | Reached skill level 6 in Fighting
  1363 | D:3      | Reached skill level 5 in Axes
  1363 | D:3      | Reached XP level 5. HP: 2/51 MP: 4/4
  1363 | D:3      | Reached XP level 6. HP: 2/58 MP: 5/5
  2183 | D:4      | Reached skill level 6 in Axes
  2210 | D:4      | Found a burning altar of Makhleb.
  2217 | D:4      | Reached skill level 7 in Fighting
  2259 | D:4      | Reached XP level 7. HP: 51/66 MP: 6/6
  2602 | D:4      | Reached skill level 7 in Axes
  2603 | D:4      | Noticed Duvessa
  2641 | D:4      | Noticed Dowan
  2654 | D:4      | Killed Dowan
  2669 | D:4      | Killed Duvessa
  2669 | D:4      | Reached skill level 8 in Fighting
  3042 | D:4      | Noticed Edmund
  3065 | D:4      | Killed Edmund
  3065 | D:4      | Reached skill level 4 in Armour
  3079 | D:4      | Reached XP level 8. HP: 22/75 MP: 7/7
  3080 | D:4      | HP: 18/75 [hound (5)]
  3085 | D:4      | HP: 18/75 [goblin/club (1)]
  3402 | D:4      | Reached skill level 8 in Axes
  3464 | D:4      | Found a shimmering altar of Xom.
  3497 | D:4      | Noticed Robin
  3523 | D:4      | Killed Robin
  3766 | D:4      | Noticed Natasha
  3772 | D:4      | Killed Natasha
  3811 | D:4      | Noticed Natasha
  3816 | D:4      | Killed Natasha
  4081 | D:4      | Reached skill level 9 in Fighting
  4081 | D:4      | Reached skill level 5 in Armour
  4224 | D:4      | Noticed Natasha
  4227 | D:4      | Killed Natasha
  4419 | D:5      | Entered Level 5 of the Dungeon
  4588 | D:5      | Reached skill level 9 in Axes
  4762 | D:5      | Reached skill level 6 in Armour
  4854 | D:5      | Found a sparkling altar of Nemelex Xobeh.
  4856 | D:5      | Found an iron altar of Okawaru.
  4865 | D:5      | Became a worshipper of Warmaster Okawaru
  4982 | D:5      | Got a brightly glowing steel amulet
  4984 | D:5      | Identified the amulet of Neugyom {+Rage Dex+3 SInv} (You found it on level 5 of the Dungeon)
  5320 | D:6      | Reached XP level 9. HP: 85/85 MP: 8/8
  5391 | D:6      | Reached skill level 10 in Fighting
  5405 | D:6      | Reached skill level 7 in Armour
  5599 | D:6      | Found a staircase to the Ecumenical Temple.
  5604 | Temple   | Entered the Ecumenical Temple
  6099 | D:6      | Found a bloodstained altar of Trog.
  6510 | D:7      | Noticed Joseph
  6527 | D:7      | Killed Joseph
  6527 | D:7      | Reached * piety under Okawaru
  6527 | D:7      | Reached skill level 10 in Axes
  6527 | D:7      | Reached skill level 1 in Invocations
  6543 | D:7      | Reached skill level 2 in Invocations
  7064 | D:7      | Reached skill level 8 in Armour
  7113 | D:7      | Reached ** piety under Okawaru
  7113 | D:7      | Reached skill level 3 in Invocations
  7311 | D:7      | Got a shimmering mace
  7346 | D:7      | Found a glowing golden altar of the Shining One.
  7407 | D:7      | Got a smoking hunting sling
  7491 | D:7      | Found a radiant altar of Vehumet.
  7532 | D:7      | Reached XP level 10. HP: 94/94 MP: 11/11
  7724 | D:7      | Reached skill level 11 in Fighting
  7746 | D:7      | Noticed a moth of wrath
  7749 | D:7      | Found a bloodstained altar of Trog.
  7930 | D:7      | Found a runed door.
  7934 | D:7      | Noticed Crazy Yiuf
  7938 | D:7      | Killed Crazy Yiuf
  8015 | D:8      | Noticed AAAAA's ghost (novice FeAK)
  8024 | D:8      | Reached skill level 4 in Invocations
  8033 | D:8      | HP: 20/95 [AAAAA's ghost (18)]
  8047 | D:8      | HP: 22/95 [AAAAA's ghost (2)]
  8057 | D:8      | HP: 8/95 [AAAAA's ghost (16)]
  8059 | D:8      | Killed AAAAA's ghost
  8059 | D:8      | Reached skill level 11 in Axes
  8059 | D:8      | Reached skill level 9 in Armour
  8119 | D:8      | HP: 19/96 [bullfrog (6)]
  8480 | D:8      | Got a shimmering robe
  8526 | D:8      | Reached *** piety under Okawaru
  8963 | D:9      | Found an iron altar of Okawaru.
  9003 | D:9      | Paralysed by fainting for 9 turns
  9017 | D:9      | HP: 24/97 [hippogriff (3)]
  9280 | D:9      | Found a shadowy altar of Dithmenos.
  9330 | D:9      | Reached skill level 10 in Armour
  9354 | D:9      | Found Pasy's Jewellery Emporium.
  9359 | D:9      | Lost intelligence.
  9359 | D:9      | Identified the cursed +1 mace of Vykoxaci {venom, Fragile Int-5 Dex+8 SInv} (You took it off a goblin on level 7 of the Dungeon)
  9876 | D:10     | Entered Level 10 of the Dungeon
  9887 | D:10     | Reached skill level 12 in Fighting
  9984 | D:10     | Reached **** piety under Okawaru
  9984 | D:10     | Reached skill level 12 in Axes
  9998 | D:10     | Reached XP level 11. HP: 71/104 MP: 13/13
 10201 | D:10     | Noticed a hill giant
 10211 | D:10     | Found a staircase to the Lair.
 10223 | D:10     | HP: 26/104 [hell hound (6)]
 10225 | D:10     | Slain by a hill giant

Skill      XL: |  1  2  3  4  5  6  7  8  9 10 |
---------------+-------------------------------+-----
Axes           | 3 4 5 6 7 9 10 12 | 12.2
Fighting       | 4 6 7 8 9 10 12 | 12.3
Armour         | 4 6 8 10 | 10.6
Invocations    | 3 4 |  4.0
Shields        | |  3.6

Action                   |  1- 3 |  4- 6 |  7- 9 | 10-12 || total
-------------------------+-------+-------+-------+-------++-------
Melee: War axe           |   104 |    73 |   438 |   169 ||   784
       Headbutt          |    16 |    10 |    74 |    57 ||   157
       Mace              |       |       |       |    60 ||    60
Throw: Javelin           |       |    32 |    42 |       ||    74
Invok: Heroism           |       |       |     1 |     4 ||     5
  Use: Potion            |     1 |       |     1 |     7 ||     9
       Scroll            |       |       |     5 |     4 ||     9
  Eat: Chunk             |     1 |    17 |     9 |     6 ||    33
       Fruit             |       |       |       |     5 ||     5
       Pizza             |       |       |       |     2 ||     2
Armor: Scale mail        |    58 |    33 |   151 |   120 ||   362
Dodge: Dodged            |    29 |    18 |   116 |    94 ||   257
Block: Shield            |    52 |    37 |   185 |   135 ||   409

Vault maps used:
D:1:      arrival_aquarium_a
D:2:      cheibriados_altar_1
D:3:      cheibrodos_helix_gallery, uniq_grinder
D:4:      minmay_goblin_kobold_castle, makhleb_grotto_becter, serial_aquarium,
          aquarium_bridge_square, aquarium_window_3, aquarium_window_2,
          aquarium_view_2g, aquarium_balcony_3b, first_bread, lemuel_tele_altar,
          uniq_edmund, uniq_duvessa, uniq_natasha, uniq_robin
D:5:      chequers_temple_overflow_statue_of_worship
D:6:      nicolae_water_bricks, minmay_misc_feat_plants, lemuel_statue_altar
D:7:      nicolae_tso_besieged_by_evil, vehumet_crystals, tgw_trog,
          uniq_crazy_yiuf_cottage, uniq_joseph
D:9:      nicolae_dithmenos_the_darkroom, serial_shops, shop,
          okawaru_metal_pillars_1_2
D:10:     minmay_lair_entry_lava, basic_altar
Temple:   oiseaux_autumnal_temple

Table legend:
 A = Turns spent in this place as a percentage of turns spent in the entire game.
 B = Non-inter-level travel turns spent in this place as a percentage of non-inter-level travel turns spent in the entire game.
 C = Inter-level travel turns spent in this place as a percentage of turns spent in this place.
 D = Turns resting spent in this place as a percentage of non-inter-level travel turns spent in this place.
 E = Turns spent auto-exploring this place as a percentage of non-inter-level travel turns spent in this place.
 F = Non-inter-level travel turns spent in this place divided by the number of levels of this place that you've seen.
                   A       B       C       D       E      F
               +-------+-------+-------+-------+-------+----------------------
         Total | 100.0 | 100.0 |   0.4 |   1.8 |   8.8 | 245.9
       Dungeon |  99.2 |  99.3 |   0.3 |   1.8 |   8.2 | 268.5
        Temple |   0.8 |   0.7 |   4.8 |   0.0 |  90.0 |  20.0
               +-------+-------+-------+-------+-------+----------------------

Table legend:
 A = Kills in this place as a percentage of kills in entire the game.
 B = Kills by you in this place as a percentage of kills by you in the entire game.
 C = Kills by friends in this place as a percentage of kills by friends in the entire game.
 D = Other kills in this place as a percentage of other kills in the entire game.
 E = Experience gained in this place as a percentage of experience gained in the entire game.
 F = Experience gained in this place divided by the number of levels of this place that you have seen.
                   A       B       C       D       E      F
               +-------+-------+-------+-------+-------+----------------------
         Total | 100.0 | 100.0 |  -nan |  -nan | 100.0 | 1067.6
       Dungeon | 100.0 | 100.0 |  -nan |  -nan | 100.0 | 1174.4
               +-------+-------+-------+-------+-------+----------------------
